 Seeded DCSS version 0.30.0-19-g36f170ea60 (webtiles) character file.

Game seed: 6351066067085065685 (custom seed)

8080 Esekla the Thaumaturge (level 11, -3/58 (60) HPs)
             Began as a Deep Elf Necromancer on May 29, 2023.
             Was an Elder of Vehumet.
             Slain by a cyclops (29 damage)
             ... on level 9 of the Dungeon.
             The game lasted 01:27:16 (10700 turns).

Esekla the Thaumaturge (Deep Elf Necromancer)      Turns: 10700, Time: 01:27:17

HP:   -3/58 (60)    AC:  9    Str:  5    XL:     11   Next: 5%
MP:   38/38         EV: 16    Int: 25    God:    Vehumet [****..]
Gold: 647           SH:  0    Dex: 15    Spells: 24/35 levels left

rFire   . . .        c - +4 great sword
rCold   . . .        (shield currently unavailable)
rNeg    . . .        I - +0 steam dragon scales
rPois   .            G - +1 helmet
rElec   .            F - +0 cloak
rCorr   .            t - +0 pair of gloves
SInv    .            (no boots)
Will    +....        q - amulet of magic regeneration
Stlth   +++          N - ring of magical power
HPRegen 0.29/turn    (no ring)
MPRegen 0.66/turn

%: no passive effects
@: studying Fighting, lightly drained
A: no striking features
a: Renounce Religion


You were on level 9 of the Dungeon.
You worshipped Vehumet.
Vehumet was greatly pleased with you.
You visited 2 branches of the dungeon, and saw 10 of its levels.
You also visited: Bailey.

You collected 647 gold pieces.

Inventory:

Hand Weapons
 a - a +5 scimitar
 c - a +4 great sword (weapon)
 r - a +4 trident of venom
 s - a +2 vampiric dagger
 L - a +5 long sword
Missiles
 o - 24 poisoned darts (quivered)
 K - 5 curare-tipped darts
 M - 3 boomerangs
Armour
 t - a +0 pair of gloves (worn)
 F - a +0 cloak (worn)
 G - a +1 helmet (worn)
 H - a +0 buckler
 I - +0 steam dragon scales (worn)
Jewellery
 q - an amulet of magic regeneration (around neck)
 N - a ring of magical power (left hand)
Wands
 i - a wand of roots (12)
 A - a wand of flame (1)
 E - a wand of mindburst (5)
Scrolls
 e - 3 scrolls of fear
 f - a scroll of magic mapping {unknown}
 l - 2 scrolls of fog
 n - 5 scrolls of blinking
 u - 3 scrolls of enchant weapon
 w - a scroll of amnesia
 x - a scroll of silence
 y - a scroll of torment {unknown}
 B - 2 scrolls of teleportation {unknown}
 C - a scroll of enchant armour
 D - 2 scrolls of poison {unknown}
 J - 3 scrolls of noise {unknown}
 O - 2 scrolls of acquirement
Potions
 b - a potion of magic
 d - 3 potions of ambrosia {unknown}
 g - 6 potions of attraction
 h - a potion of heal wounds
 j - 5 potions of curing
 k - 4 potions of haste {unknown}
 m - 3 potions of brilliance
 v - a potion of mutation {unknown}
 z - 2 potions of lignification {unknown}
 Q - a potion of cancellation {unknown}


   Skills:
 * Level 3.0 Fighting
 + Level 3.7(4.0) Short Blades
 + Level 2.0(3.0) Long Blades
 + Level 3.1 Throwing
 * Level 7.7 Dodging
 + Level 5.4 Stealth
 * Level 2.9 Shields
 * Level 12.8 Spellcasting
 * Level 3.0 Conjurations
 + Level 9.5 Necromancy
 + Level 3.2 Translocations
 * Level 3.3 Air Magic
 * Level 2.3 Poison Magic
 + Level 1.4 Evocations


You had 24 spell levels left.
You knew the following spells:

 Your Spells              Type           Power      Damage    Failure   Level
c - Mephitic Cloud        Conj/Pois/Air  30%        N/A       1%          3
d - Vampiric Draining     Necr           59%        2d10      1%          3
e - Static Discharge      Conj/Air       64%        2-5/arc   1%          2
t - Teleport Other        Tloc           32%        N/A       3%          3

Your spell library contained the following spells:

 Spells                   Type           Power      Damage    Failure   Level
 Hailstorm                Conj/Ice       23%        3d7       1%          3
 Necrotise                Necr           100%       1d9       1%          1
 Lesser Beckoning         Tloc           64%        N/A       1%          2
 Animate Dead             Necr           59%        N/A       1%          4
 Agony                    Necr           59%        N/A       1%          5
 Gell's Gravitas          Tloc           32%        N/A       3%          3
 Spider Form              Tmut/Pois      22%        N/A       7%          3
 Cause Fear               Hex            8%         N/A       36%         4
 Summon Mana Viper        Hex/Summ       16%        N/A       71%         5


Dungeon Overview and Level Annotations

Branches:
Dungeon (9/15)             Temple (1/1) D:6          Bailey (visited)
   Lair: D:8-11         Orc: D:9-12

Altars:
Cheibriados
Dithmenos
Fedhas
Hepliaklqana
Nemelex Xobeh
Okawaru
Qazlal
Trog
Uskayaw
Vehumet
Xom
Zin
The Shining One

Shops:
D:2 =   D:4 (

Annotations:
D:8 3 transporters


Message History

The cyclops is engulfed in noxious fumes.
The cyclops appears confused.
Throw: 29 darts (poison)
Press: ? - help, Q - select action, (/) - cycle Shift-Dir - straight line, f/p - cyclops
Aim: a cyclops, quivering large rocks (confused, 93% to hit)
You throw a poisoned dart. The poisoned dart hits the cyclops.
The cyclops is poisoned.
Throw: 28 darts (poison)
Press: ? - help, Q - select action, (/) - cycle Shift-Dir - straight line, f/p - cyclops
Aim: a cyclops, quivering large rocks (confused, poisoned, 93% to hit)
You throw a poisoned dart. The poisoned dart hits the cyclops.
The cyclops looks even sicker.
Throw: 27 darts (poison)
Press: ? - help, Q - select action, (/) - cycle Shift-Dir - straight line, f/p - cyclops
Aim: a cyclops, quivering large rocks (confused, very poisoned, 93% to hit)
You throw a poisoned dart. The poisoned dart hits the cyclops!
The cyclops looks as sick as possible!
Throw: 26 darts (poison)
Press: ? - help, Q - select action, (/) - cycle Shift-Dir - straight line, f/p - cyclops
Aim: a cyclops, quivering large rocks (lightly wounded, confused, extremely poisoned, 93% to hit)
You throw a poisoned dart. The poisoned dart hits the cyclops.
The cyclops is lightly wounded.
Throw: 25 darts (poison)
Press: ? - help, Q - select action, (/) - cycle Shift-Dir - straight line, f/p - cyclops
Aim: a cyclops, quivering large rocks (lightly wounded, confused, extremely poisoned, 93% to hit)
You throw a poisoned dart. The poisoned dart hits the cyclops!
The cyclops looks as sick as possible!
The cyclops is lightly wounded.
The cyclops seems less confused.
The cyclops throws a large rock.
The large rock hits you!!!
Ouch! That really hurt!
* * * LOW HITPOINT WARNING * * *
You feel much better. The cyclops hits you!
There is an open door, spattered with blood here.
You feel the dreadful sensation subside.
c - a +4 great sword (weapon)
The cyclops hits you!!
Ouch! That really hurt!
You die...

....#...#......#........#.....#'#
.>..#...#......#........#.....#..
....#...'......#........#.....#..
....#...######+#>.......#.....#..
....#...................#...###'#
....#...................#...#....
#####...................#...#.♣.♣
#.......................#...#.._.
#............###@#####..#)..#.♣.♣
#............#...C...#..#...#....
#......#######.......# #...#####
#......# .........#..#......#.
#......# ..........#..#......'.
#......# ............#..#...>..#.
#......# ............#..#......#.
#......# .........#+##..#......#.
#...)..# #.....#......#.


You could see a cyclops (extremely poisoned).

Vanquished Creatures
  Harold (D:9)
  A two-headed ogre (D:8)
  Pikel (Temple)
  2 orc knights (Bailey)
  A cyclops (D:9)
  Joseph (D:7)
  A kobold demonologist (D:9)
  A steam dragon (D:8)
  2 wyverns
  Menkaure (D:7)
  An ice beast (D:6)
  A sky beast (D:6)
  8 orc warriors
  2 black bears
  2 ogres
  A centaur (D:7)
  A phantom (D:7)
  Blork the orc (D:6)
  2 kobold brigands
  2 gnoll sergeants
  2 bullfrogs
  2 scorpions (D:5)
  10 wights
  5 killer bees (D:9)
  2 quasits (D:8)
  2 gnoll boudas
  6 hounds
  A jelly (D:6)
  Crazy Yiuf (D:7)
  4 orc priests (D:8)
  A sleepcap (D:5)
  5 iguanas
  6 orc wizards
  27 gnolls
  9 adders
  3 shadow imps
  6 white imps
  3 ufetubi
  A worm (D:4)
  3 dart slugs
  50 orcs
  6 ball pythons
  4 bats
  4 endoplasms
  9 goblins
  7 hobgoblins
  A quokka (D:1)
  4 frilled lizards
  14 kobolds
  A rat (D:1)
232 creatures vanquished.

Vanquished Creatures (others)
  An ufetubus (D:8)
1 creature vanquished.

Grand Total: 233 creatures vanquished

Notes
Turn   | Place    | Note
-------+----------+-------------------------------------------
     0 | D:1      | Esekla the Deep Elf Necromancer began the quest for the
                  | Orb.
     0 | D:1      | Reached XP level 1. HP: 10/10 MP: 6/6
   199 | D:1      | Reached skill level 5 in Necromancy
   280 | D:1      | Reached XP level 2. HP: 15/15 MP: 8/8
   416 | D:2      | Found Renulab's Jewellery Shop.
   690 | D:4      | Found a radiant altar of Vehumet.
   694 | D:4      | Became a worshipper of Vehumet
   855 | D:1      | Reached XP level 3. HP: 19/19 MP: 9/9
   864 | D:1      | Learned a level 3 spell: Vampiric Draining
  1106 | D:2      | Noticed a black bear
  1312 | D:2      | Reached XP level 4. HP: 19/24 MP: 7/11
  1349 | D:2      | Found a faded altar of an unknown god.
  1479 | D:2      | Reached skill level 1 in Short Blades
  1566 | D:2      | Reached skill level 4 in Spellcasting
  1810 | D:3      | Identified the +5 rapier of the Hero {heavy, rN+ Dex+3}
  2099 | D:3      | Found a stormy altar of Qazlal.
  2116 | D:3      | Reached * piety under Vehumet
  2116 | D:3      | Offered knowledge of Freeze by Vehumet.
  2117 | D:3      | Reached XP level 5. HP: 24/28 MP: 0/13
  2244 | D:3      | Found a hazy altar of Hepliaklqana.
  2249 | D:3      | Learned a level 3 spell: Teleport Other
  2251 | D:3      | Found a bloodstained altar of Trog.
  2654 | D:4      | Found Ponaysk's Antique Weapon Boutique.
  2848 | D:4      | Found a glowing silver altar of Zin.
  2859 | D:4      | Found an iron altar of Okawaru.
  2981 | D:3      | Reached skill level 1 in Translocations
  3361 | D:4      | Reached skill level 5 in Spellcasting
  3361 | D:4      | Reached XP level 6. HP: 30/33 MP: 1/15
  3510 | D:4      | Found a glowing golden altar of the Shining One.
  3781 | D:5      | Entered Level 5 of the Dungeon
  3789 | D:5      | Got the Parchment of the Lumpy Olives
  4087 | D:5      | Reached skill level 6 in Spellcasting
  4219 | D:5      | Found a shadowy altar of Dithmenos.
  4401 | D:5      | Reached XP level 7. HP: 27/37 MP: 9/18
  4683 | D:5      | Offered knowledge of Foxfire by Vehumet.
  4860 | D:6      | Reached ** piety under Vehumet
  4861 | D:6      | Reached skill level 1 in Throwing
  4898 | D:6      | Found a blossoming altar of Fedhas.
  4917 | D:6      | Reached skill level 1 in Fighting
  4917 | D:6      | Reached skill level 7 in Spellcasting
  5072 | D:6      | Found a staircase to the Ecumenical Temple.
  5103 | D:6      | Reached XP level 8. HP: 39/43 MP: 15/21
  5153 | D:6      | Noticed Pikel
  5162 | Temple   | Entered the Ecumenical Temple
  5166 | Temple   | Killed Pikel
  5167 | Temple   | Reached skill level 5 in Dodging
  5167 | Temple   | Reached skill level 8 in Spellcasting
  5379 | D:6      | Noticed Blork the orc
  5430 | D:6      | Reached skill level 9 in Spellcasting
  5836 | D:6      | Killed Blork the orc
  6301 | D:7      | Noticed Menkaure
  6405 | D:7      | Reached XP level 9. HP: 41/47 MP: 22/24
  6464 | D:7      | Found a runed translucent door.
  6465 | D:7      | Noticed Crazy Yiuf
  6475 | D:7      | Killed Crazy Yiuf
  6679 | D:7      | Reached skill level 10 in Spellcasting
  7537 | D:7      | Killed Menkaure
  7538 | D:7      | Reached skill level 1 in Evocations
  7637 | D:7      | Noticed Joseph
  7649 | D:7      | Killed Joseph
  7649 | D:7      | Offered knowledge of Static Discharge by Vehumet.
  7650 | D:7      | Reached skill level 11 in Spellcasting
  7714 | D:7      | Learned a level 2 spell: Static Discharge
  8056 | D:8      | Noticed a two-headed ogre
  8071 | D:8      | Reached *** piety under Vehumet
  8097 | D:8      | Reached skill level 1 in Conjurations
  8111 | D:8      | Found a hide-covered altar of Uskayaw.
  8242 | D:8      | Killed a two-headed ogre
  8243 | D:8      | Reached skill level 1 in Long Blades
  8243 | D:8      | Reached skill level 1 in Air Magic
  8243 | D:8      | Reached XP level 10. HP: 36/53 MP: 21/27
  8637 | D:8      | Offered knowledge of Mephitic Cloud by Vehumet.
  8670 | D:8      | Learned a level 3 spell: Mephitic Cloud
  8700 | D:8      | Found a transporter.
  8743 | D:8      | Found a transporter.
  8744 | D:8      | Found a transporter.
  8745 | D:8      | Found a transporter.
  9286 | D:9      | Found a flagged portal.
  9448 | Bailey   | Entered a bailey
  9471 | Bailey   | Reached skill level 1 in Shields
  9561 | Bailey   | Reached **** piety under Vehumet
  9603 | Bailey   | Reached skill level 12 in Spellcasting
  9620 | Bailey   | Identified the +2 bardiche of Puhoisos {heavy, rElec
                  | Stlth+}
  9681 | Bailey   | Offered knowledge of Hailstorm by Vehumet.
  9802 | Bailey   | Noticed an orc knight
  9802 | Bailey   | Noticed an orc knight
  9819 | Bailey   | Killed an orc knight
  9820 | Bailey   | Reached skill level 1 in Poison Magic
  9823 | Bailey   | Killed an orc knight
  9920 | D:9      | Noticed a two-headed ogre
  9991 | D:9      | Noticed Harold
 10014 | D:9      | Killed Harold
 10015 | D:9      | Reached skill level 5 in Stealth
 10096 | D:9      | Found a sparkling altar of Nemelex Xobeh.
 10423 | D:9      | Noticed a cyclops
 10443 | D:9      | Killed a cyclops
 10470 | D:9      | Reached XP level 11. HP: 50/59 MP: 29/29
 10700 | D:9      | Slain by a cyclops

Illustrated notes

Levels and vault maps discovered:
D:1:      sevenhm_arrival_forest_fort_small_3, layout_rooms,
          chequers_serial_rivers_room_b, minmay_misc_feat_five
D:2:      layout_loops_ring, dreamdust_ecumenical_altar_angels_and_demons,
          serial_shops, shop
D:3:      layout_basic, grunt_temple_overflow_open, minmay_misc_feat_iff
D:4:      layout_basic, nicolae_overflow_quartered_altars, serial_shops,
          nicolae_diamond_shop
D:5:      layout_loops_ring, lemuel_doored_altar, minmay_misc_feat_rows,
          dreamdust_wishing_well
D:6:      layout_loops_cross, fedhas_altar_fruit_tree,
          minmay_temple_entry_glass, uniq_pikel, uniq_blork_the_orc
D:7:      layout_basic, uniq_menkaure, uniq_joseph, uniq_crazy_yiuf_cottage
D:8:      layout_basic, nicolae_uskayaw_dance_hall, serial_demonic,
          serial_demonic_d, serial_demonic_a, serial_demonic_c,
          serial_demonic_c, nicolae_diode_quadrants
D:9:      layout_irregular_city, kennysheep_little_box, enter_bailey_4,
          minmay_between, uniq_harold
Temple:   compressed_dpeg_circular_temple

Skill      XL: |  1  2  3  4  5  6  7  8  9 10 11 |
---------------+----------------------------------+-----
Necromancy     | 5 6 7 8 9 |  9.5
Dodging        | 3 4 5 7 |  7.7
Stealth        | 3 4 5 |  5.4
Short Blades   | 1 2 3 |  3.7
Spellcasting   | 4 5 6 7 9 11 12 | 12.8
Translocations | 2 3 |  3.2
Throwing       | 1 2 3 |  3.1
Fighting       | 1 2 3 |  3.0
Evocations     | 1 |  1.4
Conjurations   | 1 3 |  3.0
Long Blades    | 1 2 |  2.0
Air Magic      | 1 3 |  3.3
Shields        | 2 |  2.9
Poison Magic   | 2 |  2.3

Action                     |  1- 3 |  4- 6 |  7- 9 | 10-12 || total
---------------------------+-------+-------+-------+-------++-------
  Melee: Unarmed           |    12 |       |       |       ||    12
         Short sword       |    10 |       |       |       ||    10
         Dagger            |    72 |    12 |   125 |    50 ||   259
         Rapier            |       |    53 |    16 |       ||    69
         Punch             |       |       |     3 |       ||     3
         Scimitar          |       |       |    30 |    97 ||   127
         Great sword       |       |       |       |    14 ||    14
  Throw: Dart              |       |    13 |    48 |    24 ||    85
         Throwing net      |       |       |     2 |     2 ||     4
   Cast: Vampiric Draining |     5 |    35 |    57 |    53 ||   150
         Teleport Other    |       |       |     2 |       ||     2
         Static Discharge  |       |       |     2 |     5 ||     7
         Mephitic Cloud    |       |       |       |    21 ||    21
  Evoke: Wand              |       |     1 |    24 |     3 ||    28
    Use: Scroll            |       |     4 |     7 |     2 ||    13
         Potion            |       |       |     2 |     1 ||     3
   Stab: Sleeping          |     5 |     5 |     5 |     1 ||    16
         Distracted        |       |     1 |       |       ||     1
         Confused          |       |       |       |    17 ||    17
         Held in net/web   |       |       |       |     1 ||     1
 Armour: Robe              |     7 |    17 |    35 |     4 ||    63
         Steam dragon scal |       |       |       |    53 ||    53
  Dodge: Dodged            |    60 |    62 |   156 |   209 ||   487
